 Dungeon Crawl Stone Soup version 0.30-a0-613-gdd512c7efb (webtiles) character file.

Game seed: 1648950272787844860

267 wormed the Chopper (level 6, 0/57 HPs)
             Began as a Naga Fighter on Jan 9, 2023.
             Slain by Pikel
             ... wielding a +0 whip of flaming
              (3 damage)
             ... on level 4 of the Dungeon.
             The game lasted 00:03:49 (3380 turns).

wormed the Chopper (Naga Fighter)                   Turns: 3380, Time: 00:03:49

Health: 0/57       AC:  7    Str: 20    XL:     6   Next: 21%
Magic:  6/6        EV:  5    Int:  9    God:
Gold:   294        SH:  4    Dex: 10    Spells: 5/5 levels left

rFire   + + .      SeeInvis +    a - +1 war axe
rCold   + + .      Faith    .    c - +0 buckler
rNeg    . . .      Spirit   .    n - +0 chain mail
rPois   +          Reflect  .    (no helmet)
rElec   .          Harm     .    j - scarf {rC+ rF+}
rCorr   .          Rampage  .    (no gloves)
Will    .....                    (no barding) Stlth
                                 (no amulet)
HPRegen 0.29/turn                i - ring of protection from fire
MPRegen 0.10/turn                k - ring of protection from cold

@: mighty, very slow
A: AC +2, large, see invisible, deformed body, poison resistance, slowness 2,
spit poison 1, naga tail 1
a: Spit Poison


You were on level 4 of the Dungeon.
You visited 1 branch of the dungeon, and saw 4 of its levels.

You collected 294 gold pieces.

Inventory:

Hand Weapons
 a - a +1 war axe (weapon)
Missiles
 e - 6 javelins
Armour
 b - a +0 scale mail
 c - a +0 buckler (worn)
 j - a scarf of resistance (worn)
 n - a +0 chain mail (worn)
Jewellery
 i - a ring of protection from fire (left hand)
 k - a ring of protection from cold (right hand)
Scrolls
 g - 3 scrolls of enchant weapon
 l - 3 scrolls of amnesia
 m - 2 scrolls of identify
 o - a scroll of noise {unknown}
 p - 2 scrolls of brand weapon {unknown}
 q - a scroll of blinking {unknown}
 s - 4 scrolls of fear {unknown}
 u - a scroll of teleportation {unknown}
Potions
 f - 4 potions of curing
 h - a potion of ambrosia {unknown}
 r - a potion of magic {unknown}
 t - a potion of resistance {unknown}


   Skills:
 + Level 3.8 Fighting
 * Level 3.9 Axes
 + Level 3.0 Armour
 + Level 1.4 Dodging
 + Level 3.2 Stealth
 + Level 3.3 Shields


You had 5 spell levels left.
You didn't know any spells.
Your spell library contained the following spells:

 Spells                   Type           Power      Damage    Failure   Level
 Beastly Appendage        Tmut           0%         N/A       99%         1
 Magic Dart               Conj           0%         1d3       99%         1
 Call Imp                 Summ           0%         N/A       100%        2
 Wereblood                Tmut           0%         N/A       100%        2
 Mephitic Cloud           Conj/Pois/Air  0%         N/A       100%        3
 Spider Form              Tmut/Pois      0%         N/A       100%        3


Dungeon Overview and Level Annotations

Branches:
Dungeon (4/15)
 Temple: D:4-7

Altars:

Annotations:
D:4 Pikel


Innate Abilities, Weirdness & Mutations

Your serpentine skin is tough. (AC +2)
You have supernaturally acute eyesight. (SInv)
Armour fits poorly on your strangely shaped body.
Your system is resistant to poisons. (rPois)
You cover ground very slowly.
You can spit poison.
You have a snake-like lower body.


Message History

You are too injured to fight recklessly!
You are too injured to fight recklessly!
You are too injured to fight recklessly!
You are too injured to fight recklessly!
You are too injured to fight recklessly!
You are too injured to fight recklessly!
You are too injured to fight recklessly!
You are too injured to fight recklessly!
You are too injured to fight recklessly!
You are too injured to fight recklessly!
You are too injured to fight recklessly!
You are too injured to fight recklessly!
You are too injured to fight recklessly!
You are too injured to fight recklessly!
You are too injured to fight recklessly!
You are too injured to fight recklessly!
You are too injured to fight recklessly!
Okay, then.
You feel very mighty all of a sudden. Pikel hits you but does no damage.
The lemure hits you. The lemure hits you but does no damage.
You slash Pikel!
Pikel is severely wounded.
You barely miss the lemure. You hit the lemure.
Pikel hits you with a +0 whip of flaming.
* * * LOW HITPOINT WARNING * * *
You block the lemure's attack. x2; The lemure hits you but does no damage.
Pikel hits you with a +0 whip of flaming.
* * * LOW HITPOINT WARNING * * *
The lemure hits you.
* * * LOW HITPOINT WARNING * * *
You slash Pikel!
Pikel is almost dead.
You hit the lemure. x2; The lemure hits you.
* * * LOW HITPOINT WARNING * * *
The lemure hits you.
* * * LOW HITPOINT WARNING * * *
Pikel waves his whip at you.
Pikel hits you with a +0 whip of flaming.
You die...

.....#.....#
.....#....(# .....
.....#.....# ...
.....#.....# ...
.....#.....# .5K
#######'########5#
...............#5######
...............#K5....#
...............#@5....#
..........>....#......#
...............'......'.
...............#########
#########...>.)......
#.......#............
'.......#............
#.......#............
#########............


You could see Pikel, 4 lemures, an ufetubus and a kobold.

Vanquished Creatures
  A black bear (D:4)
  Terence (D:3)
  6 adders
  3 dart slugs
  10 orcs
  9 endoplasms
  3 giant cockroaches
  9 goblins
  14 hobgoblins
  3 kobolds (D:1)
  A quokka (D:3)
  7 ball pythons
  5 bats
  4 frilled lizards
  5 rats
81 creatures vanquished.

Notes
Turn   | Place    | Note
-------+----------+-------------------------------------------
     0 | D:1      | wormed the Naga Fighter began the quest for the Orb.
     0 | D:1      | Reached XP level 1. HP: 21/21 MP: 1/1
    97 | D:1      | Reached XP level 2. HP: 27/28 MP: 2/2
   210 | D:1      | Found a faded altar of an unknown god.
   254 | D:1      | Reached skill level 1 in Stealth
   752 | D:1      | Reached XP level 3. HP: 34/34 MP: 3/3
  1478 | D:2      | Reached XP level 4. HP: 42/42 MP: 4/4
  1872 | D:3      | Identified the +5 dagger of Floods {freeze, rF++ Will+++
                  | Dex-4 Stlth+}
  2095 | D:3      | Reached skill level 1 in Dodging
  2238 | D:3      | Reached XP level 5. HP: 44/49 MP: 5/5
  2489 | D:3      | Noticed Terence
  2501 | D:3      | Killed Terence
  3228 | D:4      | Noticed a black bear
  3230 | D:4      | Killed a black bear
  3231 | D:4      | Reached XP level 6. HP: 48/57 MP: 6/6
  3368 | D:4      | Noticed Pikel
  3380 | D:4      | Slain by Pikel

Illustrated notes

Levels and vault maps discovered:
D:1:      minmay_arrival_four_circles, layout_basic,
          hellmonk_ecumenical_altar_heavens_door
D:2:      layout_basic, kennysheep_generic_room_15
D:3:      layout_loops_cross, minmay_joined_circles, uniq_terence
D:4:      layout_gridville, uniq_pikel

Skill      XL: |  1  2  3  4  5 |
---------------+----------------+-----
Stealth        | 1 2 3 |  3.2
Axes           | 3 |  3.9
Shields        | 3 |  3.3
Dodging        | 1 |  1.4
Armour         | 3 |  3.0
Fighting       | |  3.8

Action                   |  1- 3 |  4- 6 || total
-------------------------+-------+-------++-------
Melee: War axe           |    87 |   157 ||   244
  Use: Scroll            |     2 |     1 ||     3
       Potion            |       |     2 ||     2
Armor: Scale mail        |    35 |    17 ||    52
       Chain mail        |       |    62 ||    62
Dodge: Dodged            |    24 |    40 ||    64
Block: Buckler           |    13 |    32 ||    45

Table legend: (Time is in decaauts)
 A = Elapsed time spent in this place.
 B = Non-inter-level travel time spent in this place.
 C = Inter-level travel time spent in this place.
 D = Time resting spent in this place.
 E = Time spent auto-exploring this place.
 F = Levels seen in this place.
 G = Mean time per level.
                   A        B        C        D        E       F      G
               +--------+--------+--------+--------+--------+-----+--------+
         Total |   4441 |   4297 |    144 |      0 |   3637 |   4 | 1110.2 |
       Dungeon |   4441 |   4297 |    144 |      0 |   3637 |   4 | 1110.2 |
               +--------+--------+--------+--------+--------+-----+--------+

Top non-repeatable levels by time:
     D:3: 1371 daAuts
     D:2: 1200 daAuts
     D:1: 1195 daAuts
     D:4: 673 daAuts
